 Dungeon Crawl Stone Soup version 0.28.0-45-g0d030f2227 (webtiles) character file.

Game seed: 1923578166604878930

26 Kangaroobicon the Skirmisher (level 2, -1/25 HPs)
             Began as a Palentonga Fighter on Apr 24, 2022.
             Slain by a gnoll
             ... wielding a +0 halberd
              (2 damage)
             ... on level 2 of the Dungeon.
             The game lasted 00:07:46 (1058 turns).

Kangaroobicon the Skirmisher (Palentonga Fighter)   Turns: 1058, Time: 00:07:47

Health: -1/25      AC:  6    Str: 19    XL:     2   Next: 89%
Magic:  2/2        EV:  7    Int:  8    God:
Gold:   35         SH:  4    Dex: 15    Spells: 1/1 levels left

rFire   . . .      SeeInvis +   a - +0 war axe
rCold   . . .      Faith    .   c - +0 buckler
rNeg    . . .      Spirit   .   b - +0 scale mail
rPois   .          Reflect  .   (no helmet)
rElec   .          Harm     .   (no cloak)
rCorr   .          Rampage  .   (no gloves)
Will    .....                   (no barding)
Stlth   ..........              (no amulet)
HPRegen 0.08/turn               n - +6 ring of dexterity
MPRegen 0.08/turn               (no ring)

@: mighty
A: large, rugged brown scales 3, see invisible, deformed body, roll 1, armoured
tail
a: Rolling Charge


You were on level 2 of the Dungeon.
You visited 1 branch of the dungeon, and saw 2 of its levels.

You collected 35 gold pieces.

Inventory:

Hand Weapons
 a - a +0 war axe (weapon)
 i - a +1 vorpal mace
Missiles
 g - 6 poisoned darts
Armour
 b - a +0 scale mail (worn)
 c - a +0 buckler (worn)
Jewellery
 n - a +6 ring of dexterity (left hand)
Scrolls
 e - a scroll of identify {unknown}
 f - a scroll of fear {unknown}
 h - a scroll of blinking {unknown}
 j - a scroll of teleportation {unknown}
Potions
 k - a potion of invisibility {unknown}
 l - a potion of flight {unknown}
 m - 2 potions of heal wounds {unknown}


   Skills:
 + Level 3.2 Fighting
 + Level 2.4 Axes
 + Level 2.7 Armour
 + Level 0.1 Dodging
 + Level 2.5 Shields


You had one spell level left.
You didn't know any spells.
Your spell library was empty.

Dungeon Overview and Level Annotations

Branches:
Dungeon (2/15)

Altars:


Innate Abilities, Weirdness & Mutations

You are completely covered in rugged brown scales. (AC +3, +7% HP)
You have supernaturally acute eyesight. (SInv)
Armour fits poorly on your strangely shaped body.
You can roll at nearby foes to attack.
You have a long armoured tail.


Message History

You hit the endoplasm.
You kill the endoplasm!
Found a short sword.
You see here a +0 spear of venom.
A kobold comes into view. It is wielding a +0 dagger.
The kobold shouts!
You slash the kobold!
You kill the kobold!
You see here a +0 short sword.
Found a runed silver ring.
n - a +6 ring of dexterity You feel agile.
n - a +6 ring of dexterity (left hand) 2 gnolls come into view.
The gnoll shouts! x2
A gnoll comes into view. It is wielding a +0 spear.
The gnoll hits you with a +0 club.
You feel very mighty all of a sudden.
The gnoll shouts!
The gnoll closely misses you. The gnoll hits you but does no damage.
You hit the gnoll.
The gnoll is moderately wounded.
You block the gnoll's attack. You block the gnoll's attack.
The gnoll hits you but does no damage. The gnoll barely misses you.
You completely miss the gnoll. You slash the gnoll!
You kill the gnoll!
The gnoll hits you from afar with a +0 spear.
You block the gnoll's attack.
The gnoll hits you from afar with a +0 spear.
The gnoll hits you with a +0 halberd.
You closely miss the gnoll.
The gnoll hits you from afar with a +0 spear.
* * * LOW HITPOINT WARNING * * *
You block the gnoll's attack.
You barely miss the gnoll. The gnoll hits you but does no damage.
The gnoll hits you with a +0 halberd.
* * * LOW HITPOINT WARNING * * *
The gnoll barely misses you. The gnoll hits you with a +0 halberd.
You die...

<..#####..# #.#
#.... ..... #.#
#.####.....#.#.#
... +.....# #.#
.## #...... #.#
#.# #.# #.######
#..@gg.#
.......)###.#
.....#..#
.#......#
....#...#
....#...# ###
#...# ....#


You could see 2 gnolls.

Vanquished Creatures
  A gnoll (D:2)
  3 endoplasms
  2 goblins (D:1)
  2 hobgoblins (D:1)
  2 kobolds
  A quokka (D:1)
  A ball python (D:1)
  2 frilled lizards (D:1)
14 creatures vanquished.

Notes
Turn   | Place    | Note
-------+----------+-------------------------------------------
     0 | D:1      | Kangaroobicon the Palentonga Fighter began the quest for
                  | the Orb.
     0 | D:1      | Reached XP level 1. HP: 19/19 MP: 1/1
   733 | D:1      | Found a faded altar of an unknown god.
   807 | D:1      | Reached XP level 2. HP: 25/25 MP: 2/2
  1058 | D:2      | HP: 1/25 [gnoll/+0 halberd (5)]
  1058 | D:2      | Slain by a gnoll

Illustrated notes

Levels and vault maps discovered:
D:1:      dpeg_arrival_three_smaller_balls, layout_loops_corners,
          shapermc_ecumenical_altar_mp_urbaneastern
D:2:      layout_basic

Action                   || total
-------------------------++-------
Melee: War axe           ||    37
       Tailslap          ||     4
  Use: Potion            ||     1
Armor: Scale mail        ||    13
Dodge: Dodged            ||    10
Block: Buckler           ||     6
